AoeStats
← aextropical#0420

Arabia

510298285Analyzed
1v1 RM · 20h ago on Sep 30, 2026· 25m 33s· 2 players
Game mode
Random Map
Map size
Tiny (2 player)
Population
200
Speed
Normal
Resources
Standard
Victory
Conquest
Starting age
Dark Age
Ending age
Imperial Age
RankedLock teamsTeams togetherTeam positionsShared explorationLock speedFull tech treeHidden civsTurbo modeCheats
Victory
Defeat
🇨🇳 Spanish · China
1070
+15
🇺🇸 Franks · United States
1053
-15
aextropical#0420
6:24 Loom
10:04 Feudal Age
10:38 Double-Bit Axe
15:36 Forging
21:33 Castle Age
20:17 Fletching
20:29 Padded Archer Armor
23:15 Husbandry
TumenUluso
4:05 Loom
9:04 Loom
11:29 Feudal Age
15:48 Castle Age
17:05 Double-Bit Axe
19:34 Padded Archer Armor
25:48 Leather Archer Armor
Connection lost

Rejoining the realm…

Still unreachable

The connection could not be restored.

Session expired

The server has moved on; the page needs a fresh start.